 Dungeon Crawl Stone Soup version 0.30.0-5-g1a98f26d00 (webtiles) character file.

Game seed: 4004550559856636915

886 Demosthentine the Poker (level 7, -3/56 HPs)
             Began as a Demonspawn Gladiator on May 9, 2023.
             Was an Initiate of Hepliaklqana.
             Slain by a gnoll sergeant
             ... wielding a +1 trident of protection
              (5 damage)
             ... on level 5 of the Dungeon.
             The game lasted 00:04:42 (4653 turns).

Demosthentine the Poker (Demonspawn Gladiator)      Turns: 4653, Time: 00:04:42

Health: -3/56      AC:  5    Str: 16    XL:     7   Next: 77%
Magic:  7/7        EV: 13    Int: 10    God:    Hepliaklqana [......]
Gold:   225        SH:  0    Dex: 14    Spells: 6/6 levels left

rFire   . . .        a - +1 trident (heavy)
rCold   . . .        (no shield)
rNeg    . . .        b - +0 leather armour
rPois   .            (helmet restricted)
rElec   .            (no cloak)
rCorr   .            (no gloves)
SInv    .            i - +0 pair of boots
Will    .....        (no amulet)
Stlth   +            (no ring)
HPRegen 0.29/turn    (no ring)
MPRegen 0.10/turn

%: no passive effects
@: weakened
A: horns 1, rugged brown scales 1
a: Renounce Religion


You were on level 5 of the Dungeon.
You worshipped Hepliaklqana.
Hepliaklqana was noncommittal.
You visited 2 branches of the dungeon, and saw 6 of its levels.

You collected 225 gold pieces.

Inventory:

Hand Weapons
 a - a +1 heavy trident (weapon)
Missiles
 e - a javelin (quivered)
Armour
 b - a +0 leather armour (worn)
 i - a +0 pair of boots (worn)
Jewellery
 d - a ring of magical power
Wands
 k - a wand of paralysis (3)
 n - a wand of quicksilver (9)
Scrolls
 h - 3 scrolls of teleportation
 m - 2 scrolls of fear {unknown}
 o - 3 scrolls of identify
Potions
 c - 2 potions of lignification
 f - 5 potions of flight
 g - a potion of brilliance
 l - a potion of haste


   Skills:
 + Level 4.8 Fighting
 + Level 4.8 Polearms
 - Level 1.7 Throwing
 + Level 3.7 Armour
 + Level 4.8 Dodging


You had 6 spell levels left.
You didn't know any spells.
Your spell library contained the following spells:

 Spells                   Type           Power      Damage    Failure   Level
 Necrotise                Necr           0%         1d4       41%         1
 Sting                    Tmut/Pois      0%         1d3       41%         1
 Poisonous Vapours        Pois/Air       0%         N/A       56%         2
 Vampiric Draining        Necr           0%         2d6       80%         3
 Olgreb's Toxic Radiance  Pois           0%         N/A       99%         4
 Agony                    Necr           0%         N/A       100%        5


Dungeon Overview and Level Annotations

Branches:
Dungeon (5/15)             Temple (1/1) D:4

Altars:
Ashenzari
Cheibriados
Dithmenos
Fedhas
Gozag
Hepliaklqana
Kikubaaqudgha
Makhleb
Nemelex Xobeh
Qazlal
Ru
Sif Muna
Trog
Uskayaw
Vehumet
Wu Jian
Xom
Yredelemnul


Innate Abilities, Weirdness & Mutations

You have a pair of small horns on your head.
You are partially covered in rugged brown scales. (AC +1, +3% HP)


Message History

The gnoll bouda shouts!
The gnoll hits you from afar with a +0 spear.
A gnoll comes into view. It is wielding a +0 spear.
The gnoll hits you from afar with a +0 spear.
The gnoll bouda barks out a call to the hunt!
The gnolls pick up the pace!
You are too injured to fight recklessly!
You are too injured to fight recklessly!
You are too injured to fight recklessly!
You are too injured to fight recklessly!
You are too injured to fight recklessly!
Reach: a) +1 trident (heavy)
Press: ? - help, Dir - move target, f/p - gnoll
Aim: a gnoll, wielding a +0 spear (severely wounded, covering ground quickly, about 34% to evade your +1 heavy trident)
You reach to attack!
You hit the gnoll.
You kill the gnoll!
A gnoll comes into view. It is wielding a +0 flail.
You closely miss the gnoll.
The gnoll shouts!
The gnoll hits you with a +0 club. The gnoll barely misses you.
The gnoll hits you with a +0 club.
You puncture the gnoll!
You kill the gnoll!
The gnoll sergeant hits you from afar with a +1 trident of protection!
* * * LOW HITPOINT WARNING * * *
You feel better.
The gnoll sergeant hits you from afar with a +1 trident of protection!
* * * LOW HITPOINT WARNING * * *
Unknown command.
The gnoll sergeant hits you from afar with a +1 trident of protection.
* * * LOW HITPOINT WARNING * * *
As you open the door, it creaks loudly!
The gnoll sergeant hits you from afar with a +1 trident of protection!
* * * LOW HITPOINT WARNING * * *
There is an open door here.
The gnoll bouda gazes fiercely through you!
You feel your attacks grow feeble. The gnoll sergeant barely misses you.
The gnoll sergeant hits you from afar with a +1 trident of protection.
You die... ..♣.... ♣)..♣.♣ # ..... # ♣.gg♣ # ##################### ggg

####### ....................# ♣g♣
#.....# ################....# ♣)♣
#####.#
............####....###g#######.#
................@.g.g.gg.........
.......<#......#....###########.#
#....####..###.#....# #.#
'............#.#....# #.#
#....####..#.#.###### #.# #....#
#..#.#.# #######.# #....# #..#
..# #.......# #....#
#..##############.......# #....#
#...............'.......#


You could see a gnoll sergeant (swift), a gnoll bouda and 3 gnolls.

Vanquished Creatures
  A black bear (D:5)
  4 ogres
  A phantom (D:4)
  3 hounds
  An orc priest (D:5)
  Ijyb (D:3)
  Robin (D:2)
  5 gnolls (D:5)
  6 adders
  2 shadow imps (D:5)
  A white imp (D:5)
  2 ufetubi
  10 orcs
  5 bats
  6 endoplasms
  5 giant cockroaches
  11 goblins
  8 hobgoblins
  4 jackals
  7 quokkas
  4 ball pythons
  A frilled lizard (D:1)
  2 kobolds (D:3)
  4 rats
95 creatures vanquished.

Notes
Turn   | Place    | Note
-------+----------+-------------------------------------------
     0 | D:1      | Demosthentine the Demonspawn Gladiator began the quest for
                  | the Orb.
     0 | D:1      | Reached XP level 1. HP: 16/16 MP: 1/1
   154 | D:1      | Gained mutation: You have a pair of small horns on your
                  | head. [demonic ancestry]
   154 | D:1      | Reached XP level 2. HP: 7/22 MP: 2/2
   447 | D:1      | Found a faded altar of an unknown god.
   802 | D:2      | Found a stormy altar of Qazlal.
   849 | D:2      | Noticed an ogre
   858 | D:2      | Reached skill level 1 in Armour
   858 | D:2      | Reached XP level 3. HP: 19/28 MP: 3/3
   868 | D:2      | Killed an ogre
   869 | D:2      | Reached XP level 4. HP: 14/34 MP: 4/4
   961 | D:2      | Noticed Robin
   984 | D:2      | Killed Robin
  1107 | D:2      | Reached XP level 5. HP: 33/41 MP: 5/5
  2341 | D:3      | Noticed Ijyb
  2344 | D:3      | Paralysed by Ijyb for 2 turns
  2358 | D:3      | Paralysed by Ijyb for 2 turns
  2363 | D:3      | Killed Ijyb
  3012 | D:4      | Found a radiant altar of Vehumet.
  3124 | D:4      | Noticed a phantom
  3129 | D:4      | Killed a phantom
  3130 | D:4      | Gained mutation: You are partially covered in rugged brown
                  | scales. (AC +1, +3% HP) [demonic ancestry]
  3130 | D:4      | Reached XP level 6. HP: 41/49 MP: 6/6
  3205 | D:4      | Found a staircase to the Ecumenical Temple.
  3584 | D:4      | Found a broken altar of Ashenzari.
  3585 | D:4      | Found an opulent altar of Gozag.
  3801 | D:5      | Entered Level 5 of the Dungeon
  3823 | D:5      | Reached XP level 7. HP: 55/55 MP: 7/7
  3963 | Temple   | Entered the Ecumenical Temple
  4142 | Temple   | Became a worshipper of Hepliaklqana the Forgotten
  4648 | D:5      | HP: 1/56 [gnoll sergeant/+1 trident of protection (9)]
  4653 | D:5      | Slain by a gnoll sergeant

Illustrated notes

Levels and vault maps discovered:
D:1:      minmay_arrival_shoal_huts, layout_basic,
          nicolae_ecumenical_lake_church, chequers_serial_rivers_small_3,
          grunt_decor_junction
D:2:      layout_loops_corners, basic_altar, minmay_hedge_maze, uniq_robin
D:3:      layout_loops_ring, dreamdust_mushroom_princess, uniq_ijyb
D:4:      layout_loops_cross, gammafunk_temple_overflow_pools,
          fiery_altar_vehumet, minmay_temple_entry_from_below_a
D:5:      layout_basic, pf_guarded_unrand_woodcutter
Temple:   bh_familiar_temple

Skill      XL: |  1  2  3  4  5  6 |
---------------+-------------------+-----
Polearms       | 3 4 |  4.8
Armour         | 1 2 3 |  3.7
Dodging        | 3 4 |  4.8
Fighting       | 3 4 |  4.8
Throwing       | |  1.7

Action                     |  1- 3 |  4- 6 |  7- 9 || total
---------------------------+-------+-------+-------++-------
  Melee: Trident           |    64 |   202 |    50 ||   316
         Headbutt          |     7 |    28 |     6 ||    41
         Punch             |       |     1 |       ||     1
  Throw: Throwing net      |     3 |     1 |     1 ||     5
    Use: Scroll            |     3 |     8 |       ||    11
         Potion            |       |       |     4 ||     4
   Stab: Sleeping          |       |     4 |       ||     4
 Armour: Leather armour    |    15 |    43 |    18 ||    76
  Dodge: Dodged            |    31 |   126 |    54 ||   211
